AoeStats
← Toblerone Order

Oasis

507806037Analyzed
3v3 RM · 13d ago on Sep 19, 2026· 44m 58s· 6 players
Game mode
Random Map
Map size
Normal (6 player)
Population
200
Speed
Normal
Resources
Standard
Victory
Conquest
Starting age
Dark Age
Ending age
Imperial Age
RankedLock teamsTeams togetherTeam positionsShared explorationLock speedFull tech treeHidden civsTurbo modeCheats
Victory
Defeat
🇺🇸 Hindustanis · United States
1569
+10
🇺🇸 Maya · United States
1553
+10
🇹🇷 Aztecs · Türkiye
1532
+11
🇮🇹 Inca · Italy
1473
-12
🇮🇹 Jurchens · Italy
1420
-10
1384
-9
Rhogal
9:53 Feudal Age
14:16 Castle Age
12:34 Horse Collar
12:43 Double-Bit Axe
13:56 Loom
15:54 Scale Barding Armor
18:07 Husbandry
21:17 Bloodlines
26:17 Chain Barding Armor
26:08 Forging
27:54 Wheelbarrow
27:51 Heavy Plow
28:34 Bow Saw
32:15 Iron Casting
35:37 Hand Cart
37:57 Imperial Age
36:37 Town Watch
38:17 Heavy Camel Rider
40:24 Two-Man Saw
40:14 Plate Barding Armor
40:47 Blast Furnace
39:37 Fletching
40:07 Scale Mail Armor
40:07 Imperial Camel Rider
40:57 Fletching
42:27 Gold Mining
42:27 Stone Mining
43:08 Conscription
43:33 Chain Mail Armor
44:34 Hoardings
44:02 Bodkin Arrow
44:52 Elite Ghulam
OmerGomer
0:31 Loom
9:31 Feudal Age
13:23 Fletching
18:28 Horse Collar
23:09 Castle Age
21:46 Padded Archer Armor
22:03 Double-Bit Axe
24:10 Wheelbarrow
23:11 Crossbowman
23:59 Bodkin Arrow
27:15 Leather Archer Armor
28:10 Ballistics
30:36 Thumb Ring
32:49 Gold Mining
40:56 Imperial Age
38:40 Stone Mining
41:00 Arbalester
41:30 Onager
42:26 Bracer
Toblerone Order
7:02 Loom
9:32 Feudal Age
10:06 Double-Bit Axe
12:03 Horse Collar
14:29 Fletching
14:39 Padded Archer Armor
24:13 Castle Age
22:17 Gold Mining
23:19 Stone Mining
24:18 Elite Skirmisher
24:54 Bodkin Arrow
25:30 Bow Saw
25:57 Gold Shaft Mining
25:24 Heavy Plow
29:09 Wheelbarrow
29:48 Leather Archer Armor
30:02 Redemption
30:17 Fervor
30:43 Stone Shaft Mining
35:05 Imperial Age
33:58 Hand Cart
34:15 Eagle Warrior
34:56 Squires
35:36 Town Watch
36:32 Stone Shaft Mining
35:27 Elite Eagle Warrior
36:08 Scale Mail Armor
36:18 Forging
36:11 Bracer
36:12 Scale Mail Armor
37:09 Atlatl
37:30 Conscription
39:01 Chemistry
38:22 Ballistics
39:47 Chain Mail Armor
39:42 Forging
40:46 Town Patrol
40:47 Arson
41:34 Plate Mail Armor
41:56 Iron Casting
42:43 Garland Wars
ITA | CivettaAviotrasportata
6:29 Loom
6:38 Loom
9:35 Feudal Age
12:48 Fletching
13:21 Double-Bit Axe
14:20 Padded Archer Armor
21:50 Castle Age
23:27 Bow Saw
23:24 Bodkin Arrow
23:46 Leather Archer Armor
27:01 Wheelbarrow
35:56 Imperial Age
34:00 Hand Cart
34:16 Devotion
34:26 Bodkin Arrow
35:23 Horse Collar
35:34 Gold Mining
35:35 Stone Mining
36:07 Stone Mining
36:24 Heavy Plow
37:03 Gold Shaft Mining
36:48 Masonry
36:20 Treadmill Crane
37:01 Ballistics
38:49 Chemistry
40:59 Scale Barding Armor
41:05 Forging
41:17 Bloodlines
40:28 Light Cavalry
41:09 Husbandry
42:04 Chain Barding Armor
41:39 Cavalier
42:10 Hussar
42:38 Heavy Camel Rider
ITA | Frades89
8:49 Feudal Age
9:31 Double-Bit Axe
14:06 Horse Collar
16:19 Scale Barding Armor
19:51 Castle Age
21:35 Bow Saw
26:02 Wheelbarrow
26:23 Loom
31:47 Imperial Age
29:40 Squires
29:26 Arson
29:42 Scale Mail Armor
29:52 Forging
30:09 Gold Mining
31:41 Chain Mail Armor
32:01 Iron Casting
31:49 Siege Engineers
32:24 Heavy Scorpion
34:58 Ballistics
35:38 Chemistry
34:46 Pikeman
37:08 Blast Furnace
37:23 Capped Ram
39:12 Conscription
40:13 Two-Man Saw
39:18 Siege Ram
40:28 Heavy Plow
41:04 Elite Fire Lancer
ITA | GiaggiaZena
6:42 Loom
9:12 Feudal Age
9:53 Double-Bit Axe
13:36 Fletching
18:08 Wheelbarrow
21:07 Castle Age
19:37 Padded Archer Armor
19:29 Horse Collar
20:02 Gold Mining
21:12 Crossbowman
22:45 Bodkin Arrow
24:29 Leather Archer Armor
Connection lost

Rejoining the realm…

Still unreachable

The connection could not be restored.

Session expired

The server has moved on; the page needs a fresh start.